 Dungeon Crawl Stone Soup version 0.20-a0-864-g92acfd1 (webtiles) character file.

133 Laphicet the Sneak (level 5, 0/33 HPs)
             Began as an Octopode Earth Elementalist on Mar 12, 2017.
             Slain by Gorice's ghost (12 damage)
             ... on level 3 of the Dungeon.
             The game lasted 00:07:00 (2822 turns).

Laphicet the Sneak (Octopode Earth Elementalist)    Turns: 2822, Time: 00:07:01

Health: 0/33       AC:  1    Str:  8    XL:     5   Next: 16%
Magic:  8/8        EV: 14    Int: 18    God:
Gold:   88         SH:  0    Dex: 12    Spells: 8/9 levels left

rFire    . . .     SeeInvis .   j - +1 dagger (elec)
rCold    . . .     Gourm    .   (no shield)
rNeg     . . .     Faith    .   (helmet restricted)
rPois    .         Spirit   .   (no amulet)
rElec    .         Reflect  .   n - ring of flight
rCorr    .         Harm     .   (no ring)
MR       .....                  (no ring)
Stlth    +++.......             (no ring)
Regen    0.2/turn               (no ring)
MPRegen  0.2/turn               (no ring)
                                (no ring)
                                (no ring)

@: lethally poisoned (0 -> -14), sleeping
A: almost no armour, stealthy swim, amphibious, 8 rings, constrict 8, camouflage
1, gelatinous body 1
a: Evoke Flight


You were on level 3 of the Dungeon.
You were not hungry.

You visited 1 branch of the dungeon, and saw 3 of its levels.

You collected 88 gold pieces.

Inventory:

Hand Weapons
 j - a +1 dagger of electrocution (weapon)
Missiles
 b - 115 stones (quivered)
Jewellery
 n - a ring of flight (left tentacle)
Scrolls
 a - 4 scrolls of identify {unknown}
 e - 2 scrolls of remove curse {unknown}
 g - 4 scrolls of teleportation {unknown}
 k - a scroll of amnesia {unknown}
 l - a scroll of noise {unknown}
 p - a scroll of enchant weapon {unknown}
 t - a scroll of random uselessness {unknown}
Potions
 f - 2 potions of curing
 m - a potion of magic
 o - 2 potions of mutation {unknown}
 q - a potion of haste {unknown}
 s - a potion of degeneration {unknown}
 u - a potion of cancellation {unknown}
Books
 d - a book of Geomancy

   Spells                             Type                      Level
   a - Sandblast                      Earth                        1
   b - Passwall                       Transmutation/Earth          2
   c - Stone Arrow                    Conjuration/Earth            3
   d - Petrify                        Transmutation/Earth          4
   e - Lee's Rapid Deconstruction     Earth                        5
Comestibles
 c - 2 bread rations
 h - 2 fruits
 i - 2 meat rations
 r - 7 chunks of flesh


   Skills:
 + Level 1.5 Fighting
 + Level 0.4 Short Blades
 + Level 2.7 Dodging
 + Level 3.9 Stealth
 - Level 1.7 Unarmed Combat
 + Level 2.5 Spellcasting
   Level 1.0 Transmutations
 + Level 3.5 Earth Magic


You had 8 spell levels left.
You knew the following spells:

 Your Spells              Type           Power        Failure   Level  Hunger
a - Sandblast             Erth           ##....       4%          1    #......


Dungeon Overview and Level Annotations

Branches:
Dungeon (3/15)

Altars:
Dithmenos
Uskayaw

Annotations:
D:2 exclusion: downstairs
D:3 Gorice's ghost, amateur KoEn; Grinder


Innate Abilities, Weirdness & Mutations

You cannot wear most types of armour.
You are very stealthy in the water. (Stealth+)
You are amphibious.
You can wear up to eight rings at the same time.
You can use your tentacles to constrict eight enemies at once.
Your skin changes colour to match your surroundings (Stealth+).
Your rubbery body absorbs attacks. (AC +1, EV +1)


Message History

Gorice's ghost casts a spell at you.
You are confused.
It was a potion of magic.
Magic courses through your body.
It was a potion of curing.
You feel better. Gorice's ghost hits you.
You are poisoned.
You feel sick. Gorice's ghost hits you.
You are more poisoned.
You feel sick. Gorice's ghost hits you.
You are lethally poisoned!
You feel sick.
You see here a rapier.
You feel sick. Gorice's ghost casts a spell at you.
You fall asleep.
You feel sick.
Gorice's ghost wails, "I have seen your future, and it is all used up."
You feel sick. Gorice's ghost closely misses you.
You feel sick. Gorice's ghost barely misses you.
You feel sick. Gorice's ghost hits you!
You die...

.........#
.........#
.........#
.........#
.........# ..
.......<.# ..
.........# ## #
.......@.###..#
##
#######W#......
#.
#####.....>..
#(.[)........ #
#.###........
#. ##.#
#....!... ###.
#..# #........
.... #)##
#........ ....
#)# #.......?.
##..


You could see Gorice's ghost.

Vanquished Creatures
  Ijyb (D:3)
  4 adders (D:2)
  2 worms (D:2)
  3 dart slugs
  2 leopard geckos
  3 orcs
  5 giant cockroaches
  6 goblins
  6 hobgoblins
  9 bats
  2 frilled lizards (D:1)
  8 kobolds
  6 rats
57 creatures vanquished.

Notes
Turn   | Place    | Note
-------+----------+-------------------------------------------
     0 | D:1      | Laphicet the Octopode Earth Elementalist began the quest for the Orb.
     0 | D:1      | Reached XP level 1. HP: 11/11 MP: 3/3
   276 | D:1      | Reached XP level 2. HP: 9/17 MP: 5/5
  1130 | D:1      | Reached XP level 3. HP: 19/22 MP: 6/6
  1341 | D:2      | Reached skill level 1 in Fighting
  1491 | D:2      | Reached skill level 1 in Unarmed Combat
  1726 | D:2      | Reached XP level 4. HP: 27/28 MP: 7/7
  1857 | D:2      | Noticed a hand axe
  1857 | D:2      | Noticed a hand axe
  1858 | D:2      | Found a hide-covered altar of Uskayaw.
  2071 | D:2      | Found a shadowy altar of Dithmenos.
  2533 | D:3      | Noticed Gorice's ghost (amateur KoEn)
  2658 | D:3      | Noticed Ijyb
  2690 | D:3      | Killed Ijyb
  2690 | D:3      | Reached XP level 5. HP: 33/33 MP: 0/8
  2778 | D:3      | Noticed Grinder
  2822 | D:3      | Slain by Gorice's ghost

Vault maps used:
D:1:      scummos_arrival_star
D:2:      dancing_weapons_uskayaw, nicolae_dithmenos_shadow_blocks
D:3:      lemuel_doored_altar, nicolae_overflow_hidden_temple, first_bread,
          uniq_grinder, uniq_iyjb, uniq_jessica

Skill      XL: |  1  2  3 |
---------------+----------+-----
Stealth        | 3 |  3.9
Fighting       | 1 |  1.5
Unarmed Combat | 1 |  1.7
Short Blades   | |  0.4
Dodging        | |  2.7
Spellcasting   | |  2.5
Transmutations | |  1.0
Earth Magic    | |  3.5

Action                   |  1- 3 |  4- 6 || total
-------------------------+-------+-------++-------
Melee: Unarmed           |    72 |    66 ||   138
       Constrict         |    23 |    19 ||    42
       Tentacles         |    10 |    13 ||    23
       Dagger            |     5 |    12 ||    17
       Punch             |       |     1 ||     1
 Cast: Sandblast         |    12 |    10 ||    22
  Use: Potion            |       |     2 ||     2
 Stab: Sleeping          |    11 |     1 ||    12
       Distracted        |     1 |       ||     1
  Eat: Chunk             |     3 |     3 ||     6
Armor: Skin              |    10 |    15 ||    25
Dodge: Dodged            |    46 |    71 ||   117
